 Dungeon Crawl Stone Soup version 0.29.1-1-gd02db6906a (webtiles) character file.

Game seed: 16063796366904800231

96 safid the Shooter (level 4, 0/38 HPs)
             Began as a Minotaur Hunter on Oct 4, 2022.
             Slain by Sigmund
             ... wielding a +0 scythe
              (1 damage)
             ... on level 3 of the Dungeon.
             The game lasted 00:02:32 (1865 turns).

safid the Shooter (Minotaur Hunter)                 Turns: 1865, Time: 00:02:33

Health: 0/38       AC:  3    Str: 16    XL:     4   Next: 41%
Magic:  3/3        EV: 12    Int:  6    God:
Gold:   53         SH:  0    Dex: 15    Spells: 3/3 levels left

rFire   . . .      SeeInvis .   a - +0 shortbow
rCold   . . .      Faith    .   (shield currently unavailable)
rNeg    . . .      Spirit   .   c - +0 leather armour
rPois   .          Reflect  .   (helmet restricted)
rElec   .          Harm     .   (no cloak)
rCorr   .          Rampage  .   (no gloves)
Will    .....                   (no boots)
Stlth   +.........              (no amulet)
HPRegen 0.12/turn               (no ring)
MPRegen 0.08/turn               (no ring)

@: no status effects
A: horns 2, retaliatory headbutt
a: no special abilities


You were on level 3 of the Dungeon.
You visited 1 branch of the dungeon, and saw 3 of its levels.

You collected 53 gold pieces.

Inventory:

Hand Weapons
 a - a +0 shortbow (weapon)
Armour
 c - a +0 leather armour (worn)
Jewellery
 h - an amulet of guardian spirit
Scrolls
 b - a scroll of immolation
 g - 4 scrolls of identify {unknown}
 i - a scroll of butterflies {unknown}
 j - 2 scrolls of teleportation {unknown}
 k - a scroll of noise {unknown}
 l - a scroll of enchant armour {unknown}
Potions
 d - a potion of ambrosia {unknown}
 e - 2 potions of cancellation {unknown}
 f - a potion of heal wounds


   Skills:
 - Level 3.0 Fighting
 + Level 6.3 Ranged Weapons
 - Level 2.1 Dodging
 - Level 0.7 Stealth


You had 3 spell levels left.
You didn't know any spells.
Your spell library contained the following spells:

 Spells                   Type           Power      Damage    Failure   Level
 Spider Form              Tmut/Pois      0%         N/A       88%         3
 Metabolic Englaciation   Hex/Ice        0%         N/A       100%        5
 Summon Mana Viper        Hex/Summ       0%         N/A       100%        5


Dungeon Overview and Level Annotations

Branches:
Dungeon (3/15)

Altars:
Vehumet

Annotations:
D:3 Robin, Sigmund


Innate Abilities, Weirdness & Mutations

You have a pair of horns on your head.
You reflexively headbutt those who attack you in melee.


Message History

Press: ? - help, Q - select action Shift-Dir - straight line, f/p - goblin
Aim: a goblin, wielding a +0 club (severely wounded, strong, 56% to hit)
You shoot an arrow. The arrow barely misses the goblin.
The goblin closely misses you. The goblin hits you with a +0 club.
Robin says, "A pitiful Minotaur like you will never find the ORB!"
Something hits you!
* * * LOW HITPOINT WARNING * * *
Unknown command.
Fire: a) +0 shortbow
Press: ? - help, Q - select action Shift-Dir - straight line, f/p - goblin
Aim: a goblin, wielding a +0 club (severely wounded, strong, 56% to hit)
You shoot an arrow. The arrow hits the goblin!
You kill the goblin!
The goblin hits you with a +0 dagger.
* * * LOW HITPOINT WARNING * * *
The goblin hits you with a +0 dagger.
* * * LOW HITPOINT WARNING * * *
You hear some strange, mumbled words.
A puff of flame appears from out of thin air!
The puff of flame hits you.
* * * LOW HITPOINT WARNING * * *
Unknown command.
Unknown command.
Unknown command.
Level annotation: Robin, Sigmund Welcome back, safid the Minotaur Hunter.
Press ? for a list of commands and other information.
You are too injured to fight recklessly!
Unknown command.
Unknown command.
Unknown command.
Unknown command.
Fire: a) +0 shortbow
Press: ? - help, Q - select action Shift-Dir - straight line, f - goblin
Aim: a goblin, wielding a +0 dagger (strong, 56% to hit)
You shoot an arrow. The arrow hits the goblin.
You kill the goblin!
The hobgoblin no longer looks unusually strong.
Something hits you.
You die...

. .. ... .... .....
....gg###### #g{)@).###
#######...# #.......#.#
..........# ##
..#.#.#...##
..#######.............#
#.......#..#..#.#..#..#
........#.............#
##......#..#.#._.#.#..#


You could see Robin (fast) and 2 hobgoblins.

Vanquished Creatures
  4 adders (D:2)
  2 worms
  2 dart slugs
  2 orcs (D:3)
  6 ball pythons
  6 endoplasms
  3 giant cockroaches
  11 goblins
  2 hobgoblins (D:1)
  2 quokkas
  2 bats
  4 frilled lizards
  2 rats (D:1)
48 creatures vanquished.

Notes
Turn   | Place    | Note
-------+----------+-------------------------------------------
     0 | D:1      | safid the Minotaur Hunter began the quest for the Orb.
     0 | D:1      | Reached XP level 1. HP: 18/18 MP: 0/0
   293 | D:1      | Reached XP level 2. HP: 26/26 MP: 1/1
   301 | D:1      | Got the Vellum of the Oath and Shaping
   482 | D:1      | Reached skill level 5 in Ranged Weapons
   680 | D:2      | Reached XP level 3. HP: 21/31 MP: 2/2
  1218 | D:2      | Found a faded altar of an unknown god.
  1545 | D:3      | Noticed Sigmund
  1552 | D:2      | Reached skill level 6 in Ranged Weapons
  1552 | D:2      | Reached XP level 4. HP: 34/38 MP: 3/3
  1647 | D:3      | Found a radiant altar of Vehumet.
  1845 | D:3      | Noticed Robin
  1864 | D:3      | HP: 1/38 [something/puff of flame (3)]
  1865 | D:3      | Slain by Sigmund

Illustrated notes

Levels and vault maps discovered:
D:1:      heliophobic_arrival_henge, layout_basic
D:2:      layout_basic, dreamdust_ecumenical_altar_angels_and_demons
D:3:      layout_basic, nicolae_vehumet_radiance, feat_on_display, uniq_robin,
          uniq_sigmund

Skill      XL: |  1  2  3 |
---------------+----------+-----
Fighting       | 3 |  3.0
Ranged Weapons | 5 6 |  6.3
Dodging        | |  2.1
Stealth        | |  0.7

Action                   |  1- 3 |  4- 6 || total
-------------------------+-------+-------++-------
 Fire: Shortbow          |    94 |    42 ||   136
  Use: Potion            |       |     3 ||     3
Armor: Leather armour    |    11 |     9 ||    20
Dodge: Dodged            |    33 |    17 ||    50
